 Dungeon Crawl Stone Soup version 0.31.0-12-g77e489cdc1 (webtiles) character file.

Game seed: 10760145379482250634

79 Gadfly the Trooper (level 4, -2/73 HPs)
             Began as an Oni Berserker on Feb 27, 2024.
             Was a Believer of Trog.
             Slain by Natasha (4 damage)
             ... on level 2 of the Dungeon.
             The game lasted 00:03:06 (1928 turns).

Gadfly the Trooper (Oni Berserker)                  Turns: 1928, Time: 00:03:07

Health: -2/73      AC: 22    Str: 21    XL:     4   Next: 37%
Magic:  4/4        EV:  1    Int:  8    God:    Trog [**....]
Gold:   190        SH:  0    Dex: 10    Spells: 3/3 levels left

rFire   . . .        a - +0 morningstar
rCold   . . .        (no shield)
rNeg    . . .        c - melded +0 robe
rPois   +            (helmet currently unavailable)
rElec   .            (cloak currently unavailable)
rCorr   .            (gloves unavailable)
SInv    .            (boots unavailable)
Will    .....        (no amulet)
Stlth   +            (no ring)
HPRegen 0.32/turn    (no ring)
MPRegen 0.09/turn

%: no passive effects
@: tree-form
A: stationary, stasis, torment immunity, boosted hp, large, unfitting armour,
(horns 1), (tough skin 1), double potion healing, drunken brawling
a: Renounce Religion, Berserk, Trog's Hand


You were on level 2 of the Dungeon.
You worshipped Trog.
Trog was pleased with you.
You were a tree.
You visited 1 branch of the dungeon, and saw 2 of its levels.

You collected 190 gold pieces.

Inventory:

Hand Weapons
 a - a +0 morningstar (weapon)
Armour
 c - a +0 robe (melded)
Potions
 d - a potion of curing {unknown}
 g - a potion of heal wounds {unknown}
 h - a potion of cancellation


   Skills:
 + Level 4.5 Fighting
 * Level 3.7 Maces & Flails
 * Level 1.6 Armour
 - Level 2.6 Dodging
 * Level 1.4 Evocations


You had 3 spell levels left.
You didn't know any spells.
Your spell library was empty.

Dungeon Overview and Level Annotations

Branches:
Dungeon (2/15)

Altars:
Fedhas

Annotations:
D:2 Natasha


Innate Abilities, Weirdness & Mutations

You are a tree.
Your roots penetrate the ground, keeping you stationary.
You cannot be teleported.
You are immune to unholy pain and torment.
Your maximum health is greatly increased.
Your equipment is partially melded.
You are too large for most types of armour.
((You have a pair of small horns on your head.))
((You have tough skin. (AC +1)))
You gain doubled healing and magic from potions.
Whenever you drink a healing potion, you attack all around you.


Message History

You closely miss the rat. The cerulean imp misses you.
The cerulean imp barely misses you. The rat bites you but does no damage.
Unknown command.
You hit the rat but do no damage.
The cerulean imp hits you from afar with a +1 spear.
The cerulean imp hits you from afar with a +2 spear.
* * * LOW HITPOINT WARNING * * *
The rat barely misses you.
Natasha mumbles some strange words.
Natasha shimmers violently.
You barely miss the rat. The cerulean imp barely misses you. x2
The rat bites you but does no damage. The cerulean imp closely misses you.
The cerulean imp hits you from afar with a +2 spear.
* * * LOW HITPOINT WARNING * * *
The rat bites you.
* * * LOW HITPOINT WARNING * * *
As you read the scroll labelled YFIRUA VAXEITZE, it dissolves into smoke.
It was a scroll of fog.
The rat bites you but does no damage.
As you read the scroll labelled ALILUCS HUILEWAO, it crumbles to dust.
You feel aware of your surroundings.
It was a scroll of revelation.
Natasha howls an incantation.
Natasha's front paws start to glow.
The rat closely misses you.
Okay, then.
You barely miss the rat. You headbutt the rat.
You kill the rat!
Trog accepts your kill.
You miss Natasha. Your headbutt misses Natasha. Natasha claws you.
* * * LOW HITPOINT WARNING * * *
The cerulean imp hits you from afar with a +2 spear.
* * * LOW HITPOINT WARNING * * *
You closely miss Natasha.
The cerulean imp disappears in a puff of smoke!
Natasha claws you.
* * * LOW HITPOINT WARNING * * *
It was a potion of lignification.
You turn into a tree.
Your +0 robe melds into your body.
Your roots penetrate the ground.
Natasha claws you.
You die...
Natasha curls up and begins to purr.

.##.##.# ########§####.†...##
.##....# #####.##§###§......##
.#...#.###**####.§§#§##5§.......#
..........,,....§§§§§§h5§.......+
.#...#.####*####§§5#§##5........#
..........# ####..§§§###.<.....##
##.###.##.# ####.########.....##
#.##>..#.# ####h#########...##
#.#......# ####♣##########'##
#.#......# ####.##########.#
#.#......# ####.##########.#
#.##...#.# #.# ##.## #.##.###.#
*#.#* ##...## #........#
*...****###.....## ####.#####
*...,,,..........# #####.#
*...***#.###..##.## ......# *****
#,* #.......


You could see Natasha.

Vanquished Creatures
  Natasha (D:2)
  An adder (D:2)
  3 bats
  3 endoplasms
  4 giant cockroaches
  5 goblins
  3 hobgoblins
  4 jackals (D:2)
  4 kobolds
  A quokka (D:2)
  4 ball pythons
  4 frilled lizards
  3 rats (D:2)
40 creatures vanquished.

Notes
Turn   | Place    | Note
-------+----------+-------------------------------------------
     0 | D:1      | Gadfly the Oni Berserker began the quest for the Orb.
     0 | D:1      | Reached XP level 1. HP: 24/24 MP: 1/1
   399 | D:1      | Reached XP level 2. HP: 32/32 MP: 2/2
  1283 | D:2      | Reached XP level 3. HP: 39/39 MP: 3/3
  1318 | D:2      | Noticed Natasha
  1324 | D:2      | Killed Natasha
  1325 | D:2      | Reached skill level 1 in Armour
  1325 | D:2      | Reached skill level 1 in Evocations
  1517 | D:2      | Found a faded altar of an unknown god.
  1625 | D:2      | Found a blossoming altar of Fedhas.
  1642 | D:2      | Reached ** piety under Trog
  1646 | D:2      | Reached XP level 4. HP: 49/49 MP: 4/4
  1899 | D:2      | Noticed Natasha
  1927 | D:2      | HP: 1/49 [Natasha (3)]
  1928 | D:2      | Slain by Natasha

Illustrated notes

Levels and vault maps discovered:
D:1:      lightli_arrival_lavapool, layout_basic, minmay_gold_behind_fungi
D:2:      layout_loops_corners, basic_altar,
          shapermc_ecumenical_altar_flowoftime, uniq_natasha

Skill      XL: |  1  2  3 |
---------------+----------+-----
Armour         | 1 |  1.6
Evocations     | 1 |  1.4
Fighting       | |  4.5
Maces & Flails | |  3.7
Dodging        | |  2.6

Action                     |  1- 3 |  4- 6 || total
---------------------------+-------+-------++-------
  Melee: Mace              |    57 |       ||    57
         Headbutt          |    11 |     4 ||    15
         Morningstar       |    31 |    35 ||    66
    Use: Scroll            |     3 |     2 ||     5
         Potion            |     1 |     1 ||     2
   Stab: Sleeping          |     1 |       ||     1
 Armour: Animal skin       |    24 |       ||    24
         Robe              |    24 |    40 ||    64
         Skin              |       |     1 ||     1
  Dodge: Dodged            |    44 |    47 ||    91
